 Dungeon Crawl Stone Soup version 0.30-a0-365-ge7f957f1db (webtiles) character file.

Game seed: 16707984272805277545

11484 bande the Cleaver (level 11, -15/69 HPs)
             Began as a Gargoyle Fighter on Nov 16, 2022.
             Was an Elder of Okawaru.
             Blown up by an orb spider (27 damage)
             ... with an orb of destruction
             ... summoned by a broodmother
             ... in a Gauntlet.
             The game lasted 00:26:40 (11404 turns).

bande the Cleaver (Gargoyle Fighter)               Turns: 11404, Time: 00:26:41

Health: -15/69     AC: 27    Str: 21    XL:     11   Next: 78%
Magic:  15/15      EV:  6    Int:  8    God:    Okawaru [****..]
Gold:   777        SH:  0    Dex: 13    Spells: 10/10 levels left

rFire   . . .      SeeInvis +    a - +1 war axe (venom)
rCold   . . .      Faith    .    c - +0 buckler
rNeg    + . .      Spirit   .    x - +0 plate armour
rPois   ∞          Reflect  .    n - +0 helmet
rElec   +          Harm     .    (no cloak)
rCorr   .          Rampage  .    o - +0 pair of gloves
Will    .....      NoTele   +    m - +1 pair of boots
Stlth   ..........               (no amulet)
HPRegen 0.31/turn                w - ring of see invisible
MPRegen 0.14/turn                (no ring)

@: confused
A: sickness immunity, AC +8, negative energy resistance 1, electricity
resistance, torment resistance 1, petrification resistance
a: Renounce Religion, Heroism, Finesse


You were in a Gauntlet.
You worshipped Okawaru.
Okawaru was greatly pleased with you.
You visited 2 branches of the dungeon, and saw 12 of its levels.
You also visited: Gauntlet.

You collected 777 gold pieces.

Inventory:

Hand Weapons
 a - a +1 war axe of venom (weapon)
 C - a +0 broad axe
 L - a +3 flail of freezing
Armour
 c - a +0 buckler (worn)
 m - a +1 pair of boots (worn)
 n - a +0 helmet (worn)
 o - a +0 pair of gloves (worn)
 x - a +0 plate armour (worn)
Jewellery
 e - a ring of fire
 w - a ring of see invisible (left hand)
Wands
 k - a wand of light (9)
 l - a wand of roots (18)
 q - a wand of paralysis (9)
 A - a wand of mindburst (22)
Scrolls
 h - 13 scrolls of identify
 i - 6 scrolls of teleportation
 j - a scroll of fog
 r - a scroll of poison
 z - a scroll of enchant weapon
 G - a scroll of enchant armour
 H - a scroll of blinking
Potions
 b - a potion of resistance
 d - a potion of might
 p - 2 potions of brilliance
 s - a potion of degeneration {unknown}
 v - 3 potions of heal wounds {unknown}
 B - 3 potions of mutation {unknown}
 E - 3 potions of lignification {unknown}
 F - 4 potions of flight {unknown}
 I - a potion of magic {unknown}
 K - 2 potions of berserk rage {unknown}


   Skills:
 + Level 8.4 Fighting
 + Level 11.4 Axes
 + Level 9.2 Armour
 + Level 6.3 Shields
 * Level 5.6 Invocations
 * Level 4.7 Evocations


You had 10 spell levels left.
You didn't know any spells.
Your spell library contained the following spells:

 Spells                   Type           Power      Damage    Failure   Level
 Apportation              Tloc           0%         N/A       100%        1
 Necrotise                Necr           0%         1d4       100%        1
 Sandblast                Erth           0%         2d4       100%        1
 Sting                    Tmut/Pois      0%         1d3       100%        1
 Passwall                 Tmut/Erth      0%         N/A       100%        2
 Poisonous Vapours        Pois/Air       0%         N/A       100%        2
 Stone Arrow              Conj/Erth      0%         3d7       100%        3
 Vampiric Draining        Necr           0%         2d6       100%        3
 Olgreb's Toxic Radiance  Pois           0%         N/A       100%        4
 Agony                    Necr           0%         N/A       100%        5
 Alistair's Intoxication  Tmut/Pois      0%         N/A       100%        5


Dungeon Overview and Level Annotations

Branches:
Dungeon (11/15)            Temple (1/1) D:7             Orc (0/2) D:9
Gauntlet (1/1)
   Lair: D:8-11

Altars:
Ashenzari
Cheibriados
Dithmenos
Elyvilon
Fedhas
Gozag
Kikubaaqudgha
Makhleb
Okawaru
Qazlal
Sif Muna
Trog
Vehumet
Wu Jian
Xom
Yredelemnul
Zin
The Shining One

Annotations:
Gauntlet 5 transporters


Innate Abilities, Weirdness & Mutations

You are immune to sickness and miasma.
Your stone body is resilient. (AC +8)
You are immune to poison.
You resist negative energy. (rN+)
You are resistant to electric shocks. (rElec)
You are resistant to unholy torment.
You are immune to petrification.


Message History

The broodmother looks as sick as possible!
The broodmother is moderately wounded.
You closely miss the tarantella. You slash the redback!
The redback looks as sick as possible!
You hit the tarantella.
The tarantella looks as sick as possible!
The tarantella barely misses you. The tarantella touches you.
The redback bites you.
The broodmother bites you but does no damage.
You barely miss the broodmother.
The broodmother is moderately wounded.
You hit the redback.
You kill the redback!
The redback's corpse disappears in a puff of smoke!
You hit the tarantella.
The tarantella looks as sick as possible!
You barely miss the tarantella. The tarantella touches you.
* * * LOW HITPOINT WARNING * * *
The tarantella touches you!
* * * LOW HITPOINT WARNING * * *
You are confused.
The orb spider weaves a glowing orb of energy.
The broodmother summons spiders!
The tarantella touches you but does no damage.
The tarantella barely misses you.
An orb of destruction comes into view.
You slash the broodmother!
The broodmother is moderately wounded.
You closely miss the wolf spider. You completely miss the tarantella.
You closely miss the tarantella. The broodmother barely misses you.
The tarantella touches you but does no damage.
The jumping spider leaps!
The wolf spider hits you but does no damage.
The wolf spider bites you but does no damage.
You're too confused to move!
You kill the tarantella!
The tarantella's corpse disappears in a puff of smoke!
You kill the tarantella!
The tarantella's corpse disappears in a puff of smoke!
The orb of destruction hits you!!
You die...

##.∩.###################
......................≈#
...©...................###
#########.###########..#8#
........#.#.........#..###
##...##.#.#..##.##..#....#
#.###.#.#.#.##...##?#....###
.##.##..#.#.#..§..#s###..#8#
...©....#.#....s@..©#©#..###
.##.##..#.#.#..☼§s#.#.#..#
#.###.#.#.#.##.s.##[#.#..###
##...##.#.#..##.##..#.#..#8#
...©.)..#.#.........#.#..######
#####################.#........
...©.........©#§≈8≈≈#.#........
#####################.#########
§≈≈8≈§≈≈#©...........©.........


You could see a broodmother (extremely poisoned), a wolf spider (summoned), an
orb spider (summoned) and a jumping spider (summoned).

Vanquished Creatures
  2 two-headed ogres
  A sixfirhy (Gauntlet)
  A cyclops (D:10)
  Maggie (D:9)
  2 unseen horrors
  A hornet (D:7)
  2 trolls
  A water elemental (D:11)
  16 yaks
  2 wyverns
  A shadow (D:11)
  A wraith (D:10)
  Menkaure (D:4)
  Eustachio (D:5)
  A water moccasin (D:4)
  A black bear (D:7)
  4 orc warriors
  10 centaurs
  4 wolves (D:11)
  3 ogres
  4 phantoms
  A bullfrog (D:8)
  3 gnoll sergeants
  7 scorpions
  8 wights
  5 killer bees (D:9)
  A howler monkey (D:5)
  2 jellies
  5 orc priests
  4 hounds
  3 iguanas
  Ijyb (D:3)
  10 orc wizards
  20 gnolls
  5 adders
  4 shadow imps
  4 white imps
  2 ufetubi (Gauntlet)
  2 worms (D:4)
  2 dart slugs
  47 orcs
  8 endoplasms
  2 giant cockroaches (D:1)
  3 goblins
  7 hobgoblins
  6 quokkas
  10 ball pythons
  8 bats
  3 frilled lizards
  7 kobolds
  10 rats
  A butterfly (D:8)
261 creatures vanquished.

Vanquished Creatures (others)
  14 demonic plants (Gauntlet)
14 creatures vanquished.

Grand Total: 275 creatures vanquished

Notes
Turn   | Place    | Note
-------+----------+-------------------------------------------
     0 | D:1      | bande the Gargoyle Fighter began the quest for the Orb.
     0 | D:1      | Reached XP level 1. HP: 14/14 MP: 1/1
    93 | D:1      | Reached XP level 2. HP: 18/19 MP: 2/2
   203 | D:1      | Reached skill level 2 in Axes
   585 | D:1      | Reached XP level 3. HP: 24/24 MP: 3/3
  1108 | D:2      | Found a blossoming altar of Fedhas.
  1234 | D:2      | Reached XP level 4. HP: 21/29 MP: 4/4
  1646 | D:3      | Noticed Ijyb
  1670 | D:3      | Killed Ijyb
  1671 | D:3      | Reached skill level 3 in Axes
  1803 | D:3      | Found a stormy altar of Qazlal.
  1805 | D:3      | Noticed a fire elemental
  1805 | D:3      | Noticed an air elemental
  1806 | D:3      | Noticed an earth elemental
  1806 | D:3      | Noticed a water elemental
  1865 | D:3      | Identified the +0 robe of Qomeegh {SInv Archmagi}
  1875 | D:3      | Reached XP level 5. HP: 33/33 MP: 5/5
  2323 | D:4      | Noticed Menkaure
  2337 | D:4      | Killed Menkaure
  2338 | D:4      | Reached skill level 4 in Axes
  2338 | D:4      | Reached XP level 6. HP: 14/39 MP: 6/6
  2538 | D:4      | Reached XP level 7. HP: 44/44 MP: 7/7
  2550 | D:4      | Reached skill level 5 in Axes
  2999 | D:4      | Reached skill level 5 in Armour
  3364 | D:4      | Found a basalt altar of Yredelemnul.
  3394 | D:4      | Reached skill level 5 in Fighting
  3471 | D:4      | Reached skill level 6 in Axes
  3471 | D:4      | Reached XP level 8. HP: 49/49 MP: 8/8
  3827 | D:4      | Noticed a moth of wrath
  3861 | D:4      | Found a bloodstained altar of Trog.
  3982 | D:5      | Entered Level 5 of the Dungeon
  4400 | D:5      | Noticed a yak
  4400 | D:5      | Noticed a yak
  4400 | D:5      | Noticed a yak
  4401 | D:5      | Noticed a yak
  4401 | D:5      | Noticed a yak
  4424 | D:5      | Killed a yak
  4425 | D:5      | Reached skill level 7 in Axes
  4427 | D:5      | Killed a yak
  4437 | D:5      | Killed a yak
  4452 | D:5      | Killed a yak
  4453 | D:5      | Reached XP level 9. HP: 41/55 MP: 9/9
  4461 | D:5      | Reached skill level 8 in Axes
  4698 | D:5      | Found an opulent altar of Gozag.
  4739 | D:5      | Noticed Eustachio
  4754 | D:5      | Killed Eustachio
  5369 | D:6      | Found a snail-covered altar of Cheibriados.
  5529 | D:6      | Reached skill level 9 in Axes
  5585 | D:6      | Found a burning altar of Makhleb.
  5586 | D:6      | Found a glowing golden altar of the Shining One.
  5589 | D:6      | Found a broken altar of Ashenzari.
  5590 | D:6      | Found a blossoming altar of Fedhas.
  5713 | D:7      | Found a staircase to the Ecumenical Temple.
  5728 | Temple   | Entered the Ecumenical Temple
  5751 | Temple   | Became a worshipper of Warmaster Okawaru
  6035 | D:7      | Noticed an unseen horror
  6046 | D:7      | Reached skill level 1 in Invocations
  6064 | D:7      | Killed an unseen horror
  6065 | D:7      | Reached skill level 1 in Evocations
  6156 | D:7      | Reached * piety under Okawaru
  6157 | D:7      | Reached skill level 5 in Shields
  6384 | D:7      | Noticed a hornet
  6393 | D:7      | Reached XP level 10. HP: 50/61 MP: 11/11
  7237 | D:8      | Found a white marble altar of Elyvilon.
  7449 | D:8      | Reached ** piety under Okawaru
  7484 | D:8      | Identified the +1 robe of Makhleb's Condemnation {rN+}
  7634 | D:8      | Reached skill level 10 in Axes
  8131 | D:9      | Found a shadowy altar of Dithmenos.
  8395 | D:9      | Noticed Maggie
  8419 | D:9      | Killed Maggie
  8419 | D:9      | Reached *** piety under Okawaru
  8565 | D:9      | Found a shimmering blue altar of Sif Muna.
  8832 | D:8      | Reached XP level 11. HP: 53/68 MP: 14/14
  9076 | D:9      | Found a staircase to the Orcish Mines.
  9346 | D:10     | Entered Level 10 of the Dungeon
  9484 | D:10     | Noticed a two-headed ogre
  9900 | D:10     | Found a radiant altar of Vehumet.
  9904 | D:10     | Found a glowing silver altar of Zin.
  9937 | D:10     | Reached **** piety under Okawaru
 10096 | D:10     | Killed a two-headed ogre
 10097 | D:10     | Reached skill level 11 in Axes
 10306 | D:10     | Noticed a cyclops
 10316 | D:10     | Killed a cyclops
 10509 | D:11     | Noticed a two-headed ogre
 10525 | D:11     | Killed a two-headed ogre
 10525 | D:11     | Received a gift from Okawaru
 10526 | D:11     | Reached skill level 5 in Invocations
 10773 | D:11     | Found a gate leading to a gauntlet.
 10791 | Gauntlet | Entered a Gauntlet
 10791 | Gauntlet | Found a transporter.
 10795 | Gauntlet | Noticed a sixfirhy
 11118 | Gauntlet | Found a transporter.
 11136 | Gauntlet | Noticed a wolf spider
 11138 | Gauntlet | Found a transporter.
 11156 | Gauntlet | Found a transporter.
 11171 | Gauntlet | a wolf spider changed into a broodmother
 11171 | Gauntlet | Noticed a broodmother (shapeshifter)
 11180 | Gauntlet | a broodmother changed into a quicksilver ooze
 11180 | Gauntlet | Noticed a quicksilver ooze (shapeshifter)
 11192 | Gauntlet | a quicksilver ooze changed into a death yak
 11192 | Gauntlet | Noticed a death yak (shapeshifter)
 11194 | Gauntlet | Found a transporter.
 11197 | Gauntlet | Found a transporter.
 11216 | Gauntlet | Killed a sixfirhy
 11372 | Gauntlet | Found a transporter.
 11374 | Gauntlet | Found a transporter.
 11377 | Gauntlet | Identified the +10 spear of the Imbibing Mosquito {pain,
                  | rN+ rCorr Dex+2}
 11380 | Gauntlet | Noticed a death drake
 11391 | Gauntlet | Noticed a broodmother
 11398 | Gauntlet | Noticed an orb spider
 11403 | Gauntlet | Noticed a wolf spider
 11404 | Gauntlet | Blown up by an orb spider

Illustrated notes

Levels and vault maps discovered:
D:1:      lightli_arrival_statue_moat, layout_basic, kennysheep_minor_cross
D:2:      layout_basic, basic_altar, minmay_diced_spiral
D:3:      layout_rooms, nicolae_qazlal_style_of_elements,
          kennysheep_pointless_box, minmay_cut_off, uniq_ijyb
D:4:      layout_loops_corners, tgw_trog, mainiacjoe_overflow_six_doors_small,
          minmay_misc_feat_hallway, kennysheep_small_circle, uniq_menkaure
D:5:      layout_loops_ring, old_standard_altar, nrook_mini_backslash,
          kennysheep_nondescript, uniq_eustachio
D:6:      layout_rooms, mainiacjoe_overflow_small_starburst, minitemple
D:7:      layout_loops_cross, temple_pool_b
D:8:      layout_rooms, nicolae_elyvilon_peaceful_grove
D:9:      layout_small_grid, mainiacjoe_overflow_alcove_2,
          grunt_dithmenos_smoke, david_orc_3, hangedman_decor_slide_cut,
          nicolae_underground_beach, uniq_maggie
D:10:     layout_cave_pods, mainiacjoe_overflow_paths,
          mainiacjoe_overflow_brackets
D:11:     layout_rooms, erik_lair_island, gauntlet_entry_generic
Temple:   nicolae_temple_ecumenical_triangle
Gauntlet: gammafunk_gauntlet_one_two_three [gammafunk_gauntlet_arena_corners,
          gammafunk_gauntlet_arena_split_diamond, gammafunk_gauntlet_arena_grid,
          gammafunk_gauntlet_arena_arrow_garden, nicolae_gauntlet_arena_blocks,
          gammafunk_gauntlet_arena_open, gammafunk_gauntlet_arena_chambers,
          gammafunk_gauntlet_arena_split_x, gammafunk_gauntlet_arena_crates,
          gauntlet_exit_green]

Skill      XL: |  1  2  3  4  5  6  7  8  9 10 11 |
---------------+----------------------------------+-----
Axes           | 2 3 4 6 7 9 10 11 | 11.4
Armour         | 4 5 6 7 8 9 |  9.2
Fighting       | 4 5 6 7 8 |  8.4
Shields        | 4 5 6 |  6.3
Invocations    | 1 4 5 |  5.6
Evocations     | 1 3 4 |  4.7

Action                   |  1- 3 |  4- 6 |  7- 9 | 10-12 || total
-------------------------+-------+-------+-------+-------++-------
Melee: War axe           |   113 |   130 |   363 |   385 ||   991
  Use: Potion            |       |     4 |     2 |     3 ||     9
       Scroll            |       |       |     8 |     7 ||    15
Armor: Scale mail        |    77 |    28 |       |       ||   105
       Chain mail        |       |    53 |   233 |   186 ||   472
       Plate armour      |       |       |       |   198 ||   198
Dodge: Dodged            |    61 |    65 |   119 |   182 ||   427
Block: Buckler           |    30 |    22 |    72 |   139 ||   263

Table legend: (Time is in decaauts)
 A = Elapsed time spent in this place.
 B = Non-inter-level travel time spent in this place.
 C = Inter-level travel time spent in this place.
 D = Time resting spent in this place.
 E = Time spent auto-exploring this place.
 F = Levels seen in this place.
 G = Mean time per level.
                   A        B        C        D        E       F      G
               +--------+--------+--------+--------+--------+-----+--------+
         Total |  11579 |  11455 |    124 |   2333 |   6406 |  13 |  890.7 |
       Dungeon |  10796 |  10672 |    124 |   1742 |   6401 |  11 |  981.5 |
        Temple |    171 |    171 |      0 |    129 |      0 |   1 |  171.0 |
      Gauntlet |    612 |    612 |      0 |    462 |      5 |   1 |  612.0 |
               +--------+--------+--------+--------+--------+-----+--------+

Top non-repeatable levels by time:
     D:4: 1721 daAuts
     D:8: 1458 daAuts
     D:7: 1164 daAuts
    D:10: 1154 daAuts
     D:5: 1080 daAuts
     D:9: 886 daAuts
     D:3: 848 daAuts
     D:2: 805 daAuts
     D:1: 731 daAuts
     D:6: 658 daAuts
Gauntlet: 612 daAuts
    D:11: 288 daAuts
  Temple: 171 daAuts
